 Dungeon Crawl Stone Soup version 0.31-a0-536-ga3e2962e35 (webtiles) character file.

Game seed: 7736125463398756190

165 ANON1729 the Insei (level 6, -4/52 HPs)
             Began as a Meteoran Monk on Aug 13, 2023.
             Slain by an ogre
             ... wielding a +0 giant club
              (19 damage)
             ... on level 5 of the Dungeon.
             The game lasted 00:04:29 (1310 turns).

ANON1729 the Insei (Meteoran Monk)                  Turns: 1310, Time: 00:04:29

Health: -4/52      AC:  2    Str: 14    XL:     6   Next: 5%
Magic:  8/8        EV: 14    Int: 12    God:
Gold:   113        SH:  0    Dex: 17    Spells: 5/5 levels left

rFire   . .          .
                       - Unarmed
rCold   . . .        c - orb {light}
rNeg    . . .        a - +0 robe
rPois   +            (no helmet)
rElec   .            (no cloak)
rCorr   .            (no gloves)
SInv    .            (no boots)
Will    .....        (no amulet)
Stlth   +            j - ring of poison resistance
HPRegen 0.28/turn    (no ring)
MPRegen 0.11/turn

%: no passive effects
@: glowing
A: sense surroundings 1, otherworldly, glowing, explore regen
a: no special abilities


You were on level 5 of the Dungeon.
You visited 1 branch of the dungeon, and saw 5 of its levels.

You collected 113 gold pieces.

Inventory:

Hand Weapons
 p - a +0 lajatang
Armour
 a - a +0 robe (worn)
 c - an orb of light (worn)
 d - a +0 buckler
 r - the +2 hat of the Morning {Fly rElec rCorr Str-4}
   (You found it on level 3 of the Dungeon)

   Str-4:     It affects your strength (-4).
   rElec:     It insulates you from electricity.
   Fly:       It grants you flight.
   rCorr:     It protects you from acid and corrosion.
Jewellery
 j - a ring of poison resistance (left hand)
 t - a ring of fire
Scrolls
 i - a scroll of acquirement {unknown}
 m - a scroll of revelation {unknown}
 n - a scroll of poison {unknown}
 o - 2 scrolls of fog {unknown}
 q - 3 scrolls of fear {unknown}
 s - a scroll of identify {unknown}
Potions
 b - a potion of ambrosia
 e - a potion of brilliance {unknown}
 f - a potion of mutation {unknown}
 g - 2 potions of enlightenment {unknown}
 h - 3 potions of heal wounds {unknown}
 k - a potion of magic {unknown}
 l - 4 potions of curing


   Skills:
 + Level 4.1 Fighting
 + Level 4.1 Dodging
 + Level 4.6 Unarmed Combat
 + Level 2.5 Invocations
 + Level 1.8 Shapeshifting


You had 5 spell levels left.
You didn't know any spells.
Your spell library was empty.

Dungeon Overview and Level Annotations

Branches:
Dungeon (5/15) Zot: 1702
 Temple: D:4-7

Altars:


Innate Abilities, Weirdness & Mutations

You passively map a small area around you.
You are easily found by Zot.
You glow in the dark.
You regain HP and MP as you explore.


Message History

You hit the adder.
The adder is heavily wounded.
The adder bites you but does no damage.
You hit the adder.
The adder is severely wounded.
The adder barely misses you. x2
You closely miss the adder.
The adder is severely wounded.
The adder bites you.
You punch the adder!
You kill the adder!
You have reached level 6!
You feel agile.
Unknown command.
You see here 5 stones.
An ogre comes into view. It is wielding a +0 giant club.
The ogre shouts!
An ogre is nearby!
An ogre is nearby!
An ogre is nearby!
You aren't carrying any items that you can evoke.
A hound comes into view.
Found a curved jewelled staff.
You hit the ogre.
The ogre is lightly wounded.
You hit the ogre but do no damage.
The ogre is lightly wounded.
The ogre hits you with a +0 giant club!!
You hit the ogre.
The ogre is lightly wounded.
The ogre hits you with a +0 giant club!!
* * * LOW HITPOINT WARNING * * *
You open the door. The ogre attacks as you move away!
The ogre closely misses you.
A hound comes into view.
The hound barks!
You hear a shout! x2
There is an open door here.
The ogre attacks as you move away!
The ogre hits you with a +0 giant club!!
You die...

, ##...##...#######~
,* * #.........### #≈
##.##....##......##≈≈
*
........###..#####≈≈.
, ##....h......#
#≈≈.~ ~ ####!#####h##
#≈≈.~~ , #.*
#.###≈≈.~~≈ #
#.O#≈≈.~h≈. , , ***
#..@..8~8.. > ,, * ,
#.##≈≈.~~≈. ,
#.#*#≈≈.~~≈ * #.#
*#≈≈.~~ , , ,|.#
#≈≈.~ ~ , ** ,* ###
#≈≈. * #≈≈ * * #≈ ,


You could see an ogre and 2 hounds.

Vanquished Creatures
  2 hounds
  7 adders
  A dart slug (D:1)
  3 ball pythons
  3 bats
  4 endoplasms
  3 giant cockroaches
  5 hobgoblins
  A quokka (D:4)
  3 frilled lizards
  3 goblins
  3 kobolds
  8 rats
46 creatures vanquished.

Notes
Turn   | Place    | Note
-------+----------+-------------------------------------------
     0 | D:1      | ANON1729 the Meteoran Monk began the quest for the Orb.
     0 | D:1      | Reached XP level 1. HP: 19/19 MP: 2/2
    56 | D:1      | Reached XP level 2. HP: 26/26 MP: 3/3
   114 | D:1      | You fall into a shaft and drop 1 floor!
   254 | D:2      | Reached skill level 1 in Invocations
   254 | D:2      | Reached XP level 3. HP: 29/31 MP: 4/4
   375 | D:1      | Reached skill level 1 in Shapeshifting
   508 | D:2      | Reached XP level 4. HP: 40/40 MP: 5/5
   877 | D:3      | Identified the +2 hat of the Morning {Fly rElec rCorr
                  | Str-4}
   996 | D:4      | Reached XP level 5. HP: 26/46 MP: 7/7
  1243 | D:5      | Entered Level 5 of the Dungeon
  1284 | D:5      | Reached XP level 6. HP: 23/52 MP: 8/8
  1295 | D:5      | Noticed an ogre
  1310 | D:5      | Slain by an ogre

Illustrated notes

Levels and vault maps discovered:
D:1:      spicycebolla_green_bress_n_ham_2, layout_basic, hex_large
D:2:      layout_basic
D:3:      layout_basic, corexii_item_surrounded_by_moat
D:4:      layout_loops_ring, grunt_tough_drop
D:5:      layout_loops_ring, ebering_ghost_sewer_f, kennysheep_diamond,
          uniq_duvessa

Skill      XL: |  1  2  3  4  5 |
---------------+----------------+-----
Unarmed Combat | 4 |  4.6
Invocations    | 1 2 |  2.5
Shapeshifting  | 1 |  1.8
Fighting       | 4 |  4.1
Dodging        | 4 |  4.1

Action                     |  1- 3 |  4- 6 || total
---------------------------+-------+-------++-------
  Melee: Unarmed           |    66 |    95 ||   161
    Use: Potion            |       |     1 ||     1
 Armour: Robe              |    13 |    19 ||    32
  Dodge: Dodged            |    44 |    75 ||   119

Table legend: (Time is in decaauts)
 A = Elapsed time spent in this place.
 B = Non-inter-level travel time spent in this place.
 C = Inter-level travel time spent in this place.
 D = Time resting spent in this place.
 E = Time spent auto-exploring this place.
 F = Levels seen in this place.
 G = Mean time per level.
                   A        B        C        D        E       F      G
               +--------+--------+--------+--------+--------+-----+--------+
         Total |   1297 |   1220 |     77 |      0 |    596 |   5 |  259.4 |
       Dungeon |   1297 |   1220 |     77 |      0 |    596 |   5 |  259.4 |
               +--------+--------+--------+--------+--------+-----+--------+

Top non-repeatable levels by time:
     D:3: 361 daAuts
     D:2: 343 daAuts
     D:4: 296 daAuts
     D:1: 230 daAuts
     D:5: 65 daAuts
